AoeStats
← Lord_Wilfredo

Nomad

509039041Analyzed
4v4 RM · 7d ago on Sep 25, 2026· 30m 4s· 8 players
Game mode
Random Map
Map size
231×231
Population
200
Speed
Normal
Resources
Standard
Victory
Conquest
Starting age
Dark Age
Ending age
Imperial Age
RankedLock teamsTeams togetherTeam positionsShared explorationLock speedFull tech treeHidden civsTurbo modeCheats
Victory
Defeat
🇺🇸 Mapuche · United States
1415
+16
🇨🇳 Saxons · China
1384
+17
🇺🇸 Japanese · United States
1375
+17
🇨🇳 Wu · China
1304
+20
🇺🇸 Japanese · United States
1464
-20
🇺🇸 Varangians · United States
1404
-18
🇦🇷 Spanish · Argentina
1395
-17
🇺🇸 Danes · United States
1352
-15
Kenchito
7:13 Loom
13:38 Feudal Age
14:03 Fishing Lines
14:29 Double-Bit Axe
15:33 Town Watch
19:52 Castle Age
19:16 Padded Archer Armor
19:07 Fletching
19:13 Gold Mining
21:22 Medium Warships
21:25 Gillnets
22:32 Bodkin Arrow
23:39 Wheelbarrow
23:20 Stone Mining
25:22 Scale Mail Armor
25:33 Forging
27:06 Chain Mail Armor
29:30 Hand Cart
el_Feist
5:01 Loom
13:23 Feudal Age
14:53 Wheelbarrow
14:27 Double-Bit Axe
20:56 Castle Age
23:31 Bow Saw
23:33 Fishing Lines
27:53 Horse Collar
30:29 Malon
.
4:56 Loom
14:00 Feudal Age
14:38 Double-Bit Axe
15:09 Fishing Lines
19:33 Castle Age
18:54 Stone Mining
18:55 Gold Mining
20:23 Gillnets
20:47 Bow Saw
22:52 Fletching
24:00 Gold Shaft Mining
25:29 Bodkin Arrow
28:52 Imperial Age
26:56 Padded Archer Armor
28:09 Scale Mail Armor
28:14 Squires
29:04 Wheelbarrow
28:23 Horse Collar
30:57 Chain Mail Armor
阿栋i
5:20 Loom
12:36 Feudal Age
13:07 Double-Bit Axe
15:07 Wheelbarrow
14:18 Town Watch
22:54 Castle Age
23:55 Bow Saw
24:22 Medium Warships
24:16 Fletching
25:26 Bodkin Arrow
26:45 Hand Cart
30:14 Stone Mining
30:14 Gold Mining
peterzjx
4:57 Loom
14:57 Feudal Age
18:59 Fletching
21:59 Castle Age
22:47 Bodkin Arrow
28:00 Ballistics
28:18 Double-Bit Axe
骑猪射箭
13:51 Feudal Age
15:04 Double-Bit Axe
17:44 Castle Age
17:34 Gold Mining
18:37 Scale Mail Armor
19:12 Horse Collar
19:51 Town Watch
21:33 Squires
23:39 Loom
24:07 Forging
meh
5:30 Loom
14:29 Feudal Age
15:43 Double-Bit Axe
19:05 Castle Age
18:42 Bloodlines
24:10 Town Watch
29:18 Forging
29:19 Scale Barding Armor
Lord_Wilfredo
5:03 Loom
13:41 Feudal Age
19:24 Castle Age
17:55 Double-Bit Axe
18:04 Fishing Lines
18:45 Horse Collar
19:09 Padded Archer Armor
19:16 Town Watch
20:35 Bow Saw
20:40 Fletching
21:12 Leather Archer Armor
Connection lost

Rejoining the realm…

Still unreachable

The connection could not be restored.

Session expired

The server has moved on; the page needs a fresh start.